 Dungeon Crawl Stone Soup version 0.30.1-4-g462c640d31 (webtiles) character file.

Game seed: 18036512908963152258

1085 Babbit the Chopper (level 8, 0/69 HPs)
             Began as a Minotaur Fighter on Aug 23, 2023.
             Slain by a killer bee (2 damage)
             ... on level 5 of the Dungeon.
             The game lasted 00:13:15 (3967 turns).

Babbit the Chopper (Minotaur Fighter)               Turns: 3967, Time: 00:13:17

Health: 0/69       AC: 10    Str: 23 (24) XL:     8   Next: 9%
Magic:  7/7        EV: 10    Int:  4 (5)  God:
Gold:   152        SH:  4    Dex:  8 (9)  Spells: 7/7 levels left

rFire   . . .        a - +0 war axe
rCold   + . .        c - +0 buckler
rNeg    . . .        b - +0 scale mail
rPois   .            n - +1 hat
rElec   .            w - +0 cloak
rCorr   .            (no gloves)
SInv    .            (no boots)
Will    .....        (no amulet) Stlth
                     e - ring of protection from cold
HPRegen 0.31/turn    (no ring)
MPRegen 0.10/turn

%: no passive effects
@: lethally poisoned (0 -> -12), hasted, very quick
A: horns 2, retaliatory headbutt
a: no special abilities


You were on level 5 of the Dungeon.
You visited 1 branch of the dungeon, and saw 5 of its levels.

You collected 152 gold pieces.

Inventory:

Hand Weapons
 a - a +0 war axe (weapon)
Missiles
 m - 3 boomerangs (quivered)
Armour
 b - a +0 scale mail (worn)
 c - a +0 buckler (worn)
 n - a +1 hat (worn)
 w - a +0 cloak (worn)
Jewellery
 e - a ring of protection from cold (left hand)
Wands
 l - a wand of roots (10)
 r - a wand of light (3)
Scrolls
 f - a scroll of vulnerability {unknown}
 g - 4 scrolls of identify
 h - 2 scrolls of teleportation {unknown}
 i - 2 scrolls of fear {unknown}
 j - 2 scrolls of amnesia {unknown}
 k - a scroll of summoning {unknown}
 p - a scroll of immolation {unknown}
 q - a scroll of brand weapon {unknown}
 t - a scroll of torment {unknown}
 v - a scroll of enchant weapon {unknown}
Potions
 d - a potion of might
 s - a potion of haste
 u - a potion of magic {unknown}


   Skills:
 + Level 5.5 Fighting
 + Level 6.9 Axes
 + Level 0.4 Throwing
 + Level 6.4 Armour
 + Level 3.1 Dodging
 + Level 0.7 Stealth
 + Level 5.9 Shields


You had 7 spell levels left.
You didn't know any spells.
Your spell library contained the following spells:

 Spells                   Type           Power      Damage    Failure   Level
 Apportation              Tloc           0%         N/A       85%         1
 Freeze                   Ice            0%         1d3       85%         1
 Necrotise                Necr           0%         1d4       85%         1
 Summon Small Mammal      Summ           0%         N/A       85%         1
 Dazzling Flash           Conj/Hex       0%         N/A       99%         3
 Frozen Ramparts          Ice            0%         1d1       99%         3
 Hailstorm                Conj/Ice       0%         3d3       99%         3
 Agony                    Necr           0%         N/A       100%        5
 Silence                  Hex/Air        0%         N/A       100%        5


Dungeon Overview and Level Annotations

Branches:
Dungeon (5/15)
 Temple: D:4-7

Altars:

Shops:
D:3 :?*


Innate Abilities, Weirdness & Mutations

You have a pair of horns on your head.
You reflexively headbutt those who attack you in melee.


Message History

The killer bee stings you but does no damage.
You barely miss the killer bee.
The killer bee is moderately wounded.
You hit the killer bee.
You feel sick. The killer bee closely misses you.
The killer bee stings you but does no damage.
You miss the killer bee.
The killer bee is moderately wounded.
You closely miss the killer bee.
You feel sick. The killer bee closely misses you.
The killer bee barely misses you.
You miss the killer bee. Your headbutt misses the killer bee.
The killer bee is moderately wounded.
You barely miss the killer bee.
You feel sick. The killer bee closely misses you.
The killer bee barely misses you. The killer bee stings you.
* * * LOW HITPOINT WARNING * * *
The killer bee stings you.
* * * LOW HITPOINT WARNING * * *
You slash the killer bee! Your headbutt misses the killer bee.
The killer bee is almost dead.
You barely miss the killer bee.
You feel sick.
The killer bee stings you but does no damage.
You block the killer bee's attack.
You barely miss the killer bee.
The killer bee is almost dead.
You closely miss the killer bee.
You feel sick. The killer bee stings you.
* * * LOW HITPOINT WARNING * * *
You are lethally poisoned!
The killer bee poisons you!
The killer bee stings you but does no damage.
The killer bee stings you.
* * * LOW HITPOINT WARNING * * *
The killer bee stings you but does no damage.
Unknown command.
It was a potion of degeneration.
There was something very wrong with that liquid.
You feel weakened.
You feel dopey.
You feel clumsy.
* * * LOW HITPOINT WARNING * * *
You feel very sick. The killer bee stings you.
You die...

######### ########
........# ### #......#
......... ..# #.####.#
........####.# #.####.#
.........y.#.# #.#....#
.........#@#.###.#...†.##
.........#y#...#.#...#.#
........y.y...>..#..<#.#
.........#.....#######.#
.........#.........)†..#
###......##.##.#########
#####.....##.# #.######'#
#.# ...


You could see 3 killer bees.

Vanquished Creatures
  Eustachio (D:4)
  An ogre (D:5)
  A phantom (D:4)
  A scorpion (D:5)
  3 killer bees (D:5)
  A howler monkey (D:5)
  An orc priest (D:3)
  A gnoll bouda (D:4)
  A jelly (D:4)
  Crazy Yiuf (D:4)
  2 hounds
  Jessica (D:2)
  Ijyb (D:3)
  Natasha (thrice) (D:2)
  Robin (D:3)
  6 gnolls (D:4)
  7 adders
  A worm (D:2)
  3 dart slugs
  8 orcs
  7 ball pythons
  6 bats
  10 endoplasms
  2 giant cockroaches
  18 goblins
  10 hobgoblins
  6 jackals (D:2)
  4 kobolds
  A quokka (D:1)
  A frilled lizard (D:1)
  7 rats
117 creatures vanquished.

Notes
Turn   | Place    | Note
-------+----------+-------------------------------------------
     0 | D:1      | Babbit the Minotaur Fighter began the quest for the Orb.
     0 | D:1      | Reached XP level 1. HP: 19/19 MP: 0/0
    71 | D:1      | Reached XP level 2. HP: 27/27 MP: 1/1
   437 | D:2      | Reached XP level 3. HP: 31/33 MP: 2/2
   693 | D:2      | Noticed Jessica
   700 | D:2      | Killed Jessica
   701 | D:2      | Reached XP level 4. HP: 32/41 MP: 3/3
   872 | D:2      | Found a faded altar of an unknown god.
  1223 | D:2      | Noticed Natasha
  1231 | D:2      | Killed Natasha
  1264 | D:2      | Noticed Natasha
  1268 | D:2      | Killed Natasha
  1272 | D:2      | Reached XP level 5. HP: 46/47 MP: 4/4
  1374 | D:2      | Noticed Natasha
  1380 | D:2      | Killed Natasha
  1553 | D:3      | Noticed Robin
  1564 | D:3      | Killed Robin
  1601 | D:3      | Noticed Ijyb
  1612 | D:3      | Killed Ijyb
  1613 | D:3      | Reached skill level 1 in Dodging
  1725 | D:3      | Found Obonaloh's Assorted Antiques.
  1761 | D:3      | Found Weabri's Book Boutique.
  1770 | D:3      | Found Jarat's Magic Scroll Shop.
  1889 | D:3      | Reached skill level 5 in Shields
  1889 | D:3      | Reached XP level 6. HP: 40/53 MP: 5/5
  1892 | D:3      | Reached skill level 5 in Axes
  2507 | D:4      | Noticed Eustachio
  2529 | D:4      | Killed Eustachio
  2530 | D:4      | Reached skill level 5 in Armour
  2708 | D:4      | Reached XP level 7. HP: 60/60 MP: 6/6
  2767 | D:4      | Reached skill level 5 in Fighting
  2908 | D:4      | Found a runed translucent door.
  2909 | D:4      | Noticed Crazy Yiuf
  2915 | D:4      | Killed Crazy Yiuf
  3726 | D:5      | Entered Level 5 of the Dungeon
  3889 | D:5      | Reached XP level 8. HP: 39/69 MP: 7/7
  3967 | D:5      | HP: 2/69 [poisoned by a killer bee]
  3967 | D:5      | Slain by a killer bee

Illustrated notes

Levels and vault maps discovered:
D:1:      minmay_arrival_radiant_lines, layout_rooms
D:2:      layout_basic, hellmonk_ecumenical_altar_inner_sanctum,
          dk_noncrumbling_4, uniq_jessica, uniq_natasha
D:3:      layout_basic, serial_shops, shop, nicolae_shop_tiny_statue_garden,
          nicolae_shop_waterfront, minmay_misc_feat_square, uniq_robin,
          uniq_ijyb
D:4:      layout_loops_ring, minivault_23, minmay_bent, uniq_eustachio,
          uniq_crazy_yiuf_cottage
D:5:      layout_basic, mainiacjoe_overflow_24_doors,
          chequers_temple_overflow_statue_of_worship, cheibriados_altar_1,
          grunt_gozag_statues, gup_sewer_entry_spiral

Skill      XL: |  1  2  3  4  5  6  7 |
---------------+----------------------+-----
Armour         | 4 5 6 |  6.4
Fighting       | 4 5 |  5.5
Shields        | 4 5 |  5.9
Axes           | 3 4 5 6 |  6.9
Dodging        | 1 2 3 |  3.1
Throwing       | |  0.4
Stealth        | |  0.7

Action                     |  1- 3 |  4- 6 |  7- 9 || total
---------------------------+-------+-------+-------++-------
  Melee: War axe           |    57 |   137 |    91 ||   285
         Headbutt          |     9 |    23 |    13 ||    45
  Throw: Boomerang         |       |       |     4 ||     4
    Use: Scroll            |       |     3 |       ||     3
         Potion            |       |       |     3 ||     3
 Armour: Scale mail        |    29 |    79 |    56 ||   164
  Dodge: Dodged            |    35 |    83 |    53 ||   171
  Block: Buckler           |    12 |    39 |    33 ||    84
